Map: Orbital Shipyard

Players

Nalok - Winner!

  • Race: Zerg Zerg
  • League: Platinum

LilDicky

  • Race: Terran Terran
  • League: Diamond

VOD

http://www.twitch.tv/tumescentpie

Description

Time

  • Played on: Jan. 5, 2016, 8:08 p.m.
  • Length: 4:04
Show
View Real Time Build Order
Export as new Build Order

Nalok Zerg - Winner!

Build Orders: Pool Only 

Get SALT Encoding   

  12  0:18  Spawning Pool  
  11  0:22  Drone  
  11  0:27  Drone  
  13  0:41  Drone  
  14  0:45  Drone, Extractor  
  14  0:46  Overlord  
  14  1:10  Roach Warren  
  13  1:12  Drone  
  13  1:14  Queen  
  16  1:27  Overlord  
  16  1:51  Roach x3  
  22  2:03  Roach  
  24  2:15  Roach  
  26  2:24  Overlord  
  26  2:25  Roach  
  26  2:28  Roach  
  30  2:43  Overlord  
  30  2:46  Roach  
  30  2:47  Roach  
  34  2:58  Roach  
  36  3:11  Roach  
  38  3:18  Roach  
  40  3:20  Overlord  
  40  3:40  Roach  
  40  3:41  Roach  
Show
View Real Time Build Order
Export as new Build Order

LilDicky Terran 

Build Orders: Command Center First (CC) 

Get SALT Encoding   

  12  0:02  SCV  
  13  0:14  SCV  
  13  0:20  Supply Depot  
  14  0:26  SCV  
  15  0:41  SCV  
  16  0:54  SCV  
  17  1:03  Command Center  
  17  1:06  SCV  
  18  1:19  SCV  
  18  1:21  Barracks  
  19  1:26  Refinery  
  19  1:31  SCV  
  20  1:43  SCV  
  21  1:55  SCV  
  22  2:08  Marine  
  23  2:10  Supply Depot  
  23  2:12  Orbital Command  
  23  2:18  Refinery, Orbital Command  
  23  2:26  Refinery, Marine  
  24  2:37  SCV  
  24  2:39  Factory  
  25  2:44  Marine  
  25  2:49  SCV  
  27  2:53  SCV  
  28  3:02  SCV  
  28  3:04  Refinery, Marine  
  28  3:05  SCV  
  31  3:14  SCV  
  33  3:20  SCV  
  33  3:25  Starport  
  33  3:27  Starport  
  26  3:49  Bunker  
Tags
 
Add a new tag
Caveats
  • Supply blocks, unpowered buildings, or Contaminate may cause inaccurate times.
  • Supply counts are checked every 10 seconds.